 Dungeon Sprint DCSS version 0.30.1-4-g462c640d31 (webtiles) character file.

Game seed: 11206131094028478419

953 Heoruswealwe the Blocker (level 7, -7/103 HPs)
             Began as a Demigod Fighter on Aug 16, 2023.
             Mangled by an ice devil (12 damage)
             ... summoned by a kobold demonologist
             ... in the Dungeon (Sprint I: "Red Sonja").
             The game lasted 00:04:05 (251 turns).

Heoruswealwe the Blocker (Demigod Fighter)           Turns: 251, Time: 00:04:06

Health: -7/103     AC:  8    Str: 25    XL:     7   Next: 59%
Magic:  9/9        EV:  9    Int: 10    God:
Gold:   424        SH:  6    Dex: 13    Spells: 6/6 levels left

rFire   . . .        a - +0 war axe
rCold   . . .        c - +0 buckler
rNeg    . . .        b - +0 scale mail
rPois   .            (no helmet)
rElec   .            (no cloak)
rCorr   .            (no gloves)
SInv    .            (no boots)
Will    .....        (no amulet) Stlth
                     (no ring)
HPRegen 0.37/turn    (no ring)
MPRegen 0.11/turn

%: no teleportation
@: berserking (expiring), lethally poisoned (-7 -> -27), very quick
A: high MP 1, forlorn, divine attributes
a: no special abilities


You were in the Dungeon.
You visited 1 branch You collected 424 gold pieces.

Inventory:

Hand Weapons
 a - a +0 war axe (weapon)
 k - a +6 club
Armour
 b - a +0 scale mail (worn)
 c - a +0 buckler (worn)
Wands
 d - a wand of polymorph (1)
Scrolls
 j - a scroll of blinking
Potions
 g - a potion of ambrosia
 h - 2 potions of magic


   Skills:
 + Level 8.5 Fighting
 + Level 8.2 Axes
 + Level 8.5 Armour
 + Level 8.5 Shields


You had 6 spell levels left.
You didn't know any spells.
Your spell library contained the following spells:

 Spells                   Type           Power      Damage    Failure   Level
 Sublimation of Blood     Necr           0%         N/A       80%         2
 Wereblood                Tmut           0%         N/A       80%         2
 Summon Hydra             Summ           0%         N/A       100%        7


Dungeon Overview and Level Annotations

Branches:
Dungeon (1/1)

Shops:
D (


Innate Abilities, Weirdness & Mutations

You have an increased reservoir of magic. (+10% MP)
You shall have no god before yourself.
Your divine heritage dramatically boosts your attributes as you level up.


Message History

You hit the hellwing but do no damage.
The kobold demonologist hits you but does no damage.
You are poisoned.
You slash the kobold demonologist!
The kobold demonologist is almost dead.
You slash the ice devil! You hit the hellwing but do no damage.
You feel sick.
The hellwing disappears in a puff of smoke!
The kobold demonologist barely misses you.
The ice devil closely misses you.
You closely miss the kobold demonologist.
The kobold demonologist is almost dead.
You slash the ice devil!
You feel sick.
The kobold demonologist hits you but does no damage.
You are more poisoned.
You miss the kobold demonologist.
The kobold demonologist is almost dead.
You barely miss the ice devil. You slash the white imp!
You kill the white imp!
The white imp disappears in a puff of smoke!
You feel very sick. The ice devil hits you! The ice devil freezes you!
* * * LOW HITPOINT WARNING * * *
You closely miss the kobold demonologist.
The kobold demonologist is almost dead.
You slash the ice devil!
You feel very sick.
The kobold demonologist hits you with a +1 dagger of venom.
* * * LOW HITPOINT WARNING * * *
You are lethally poisoned!
The ice devil completely misses you.
You hit the kobold demonologist.
The kobold demonologist is almost dead.
You hit the ice devil but do no damage.
* * * LOW HITPOINT WARNING * * *
You feel very sick.
The kobold demonologist casts a spell.
The ice devil hits you!
* * * LOW HITPOINT WARNING * * *
The ice devil freezes you!
You die...

####################
').#.)'..#__#..5@K5#
#..'..#..'..'..#)4.#
##'#####'#__####...+
#..#...#.#### #####
####..##.#
___##'#_.+
∩...'..._#
.__##_.#'#
___###+#.#


You could see an ice devil (summoned), a kobold demonologist, an iron imp
(summoned) and a shadow imp (summoned).

Vanquished Creatures
  A kobold demonologist (D)
  A slime creature (D)
  Sigmund (D)
  A yak (D)
  A floating eye (D)
  An ogre (D)
  A jelly (D)
  Ijyb (D)
8 creatures vanquished.

Notes
Turn   | Place    | Note
-------+----------+-------------------------------------------
     0 | D        | Heoruswealwe the Demigod Fighter began the quest for the
                  | Orb.
     0 | D        | Reached XP level 1. HP: 18/18 MP: 3/3
     3 | D        | Noticed Ijyb
    16 | D        | Killed Ijyb
    17 | D        | Reached XP level 2. HP: 23/27 MP: 4/4
    21 | D        | Noticed an ogre
    25 | D        | Killed an ogre
    26 | D        | Reached skill level 5 in Fighting
    26 | D        | Reached skill level 5 in Armour
    26 | D        | Reached skill level 5 in Shields
    26 | D        | Reached XP level 3. HP: 8/36 MP: 5/5
    26 | D        | Reached XP level 4. HP: 9/42 MP: 6/6
    30 | D        | Noticed Sigmund
    38 | D        | Killed Sigmund
    39 | D        | Reached skill level 5 in Axes
    39 | D        | Reached XP level 5. HP: 42/50 MP: 7/7
    47 | D        | Noticed a slime creature
    55 | D        | Killed a slime creature
    56 | D        | Reached XP level 6. HP: 29/60 MP: 8/8
   141 | D        | Found Tattuiri's Antique Weapon Emporium.
   141 | D        | Noticed a yak
   146 | D        | Killed a yak
   234 | D        | Noticed a kobold demonologist
   234 | D        | Noticed a kobold demonologist
   235 | D        | Noticed a hellwing
   236 | D        | Paralysed by a floating eye for 2 turns
   238 | D        | Noticed a sixfirhy
   240 | D        | Reached XP level 7. HP: 41/67 MP: 9/9
   243 | D        | Killed a kobold demonologist
   245 | D        | Noticed an ice devil
   251 | D        | HP: 5/103 [ice devil[a kobold demonologist] (10)]
   251 | D        | Mangled by an ice devil

Illustrated notes

Levels and vault maps discovered:
D:        dungeon_sprint_1 [red_sonja_temple_1, red_sonja_temple_small_1]

Skill      XL: |  1  2  3  4  5  6  7 |
---------------+----------------------+-----
Fighting       | 3 5 6 7 8 |  8.5
Axes           | 3 4 5 6 7 8 |  8.2
Armour         | 3 5 6 7 8 |  8.5
Shields        | 3 5 6 7 8 |  8.5

Action                     |  1- 3 |  4- 6 |  7- 9 || total
---------------------------+-------+-------+-------++-------
  Melee: War axe           |    15 |    23 |    10 ||    48
  Evoke: Wand              |       |     1 |       ||     1
    Use: Potion            |     2 |     2 |     1 ||     5
         Scroll            |       |     1 |       ||     1
 Armour: Scale mail        |     1 |     7 |     4 ||    12
  Dodge: Dodged            |     3 |     6 |     4 ||    13
  Block: Buckler           |     1 |     4 |     1 ||     6
